 Dungeon Crawl Stone Soup version 0.25-a0-1119-g28b6fd0c3b (webtiles) character file.

Game seed: 11942703643414530031, levelgen mode: deterministic

86 vurker the Grave Robber (level 4, -7/32 HPs)
             Began as a Vampire Necromancer on May 18, 2020.
             Mangled by a wyvern skeleton (15 damage)
             ... on level 2 of the Dungeon.
             The game lasted 00:03:38 (1633 turns).

vurker the Grave Robber (Vampire Necromancer)       Turns: 1633, Time: 00:03:39

Health: -7/32      AC:  2    Str: 13    XL:     4   Next: 27%
Magic:  7/8        EV: 12    Int: 18    God:
Gold:   47         SH:  0    Dex: 14    Spells: 4/9 levels left

rFire    . . .     SeeInvis +   c - +0 dagger (speed)
rCold    . . .     Gourm    .   (no shield)
rNeg     . . .     Faith    .   a - +0 robe
rPois    .         Spirit   .   (no helmet)
rElec    .         Reflect  .   (no cloak)
rCorr    .         Harm     .   (no gloves)
MR       .....                  (no boots)
Stlth    ++........             (no amulet)
HPRegen  0.30/turn              l - +6 ring of strength
MPRegen  0.11/turn              (no ring)

@: regenerating quickly
A: no food, fangs 3, see invisible, unbreathing
a: Exsanguinate


You were on level 2 of the Dungeon.
You were alive.

You visited 1 branch of the dungeon, and saw 2 of its levels.

You collected 47 gold pieces.

Inventory:

Hand Weapons
 c - a +0 dagger of speed (weapon)
   (You found it on level 1 of the Dungeon)
Armour
 a - a +0 robe (worn)
 h - a +0 cloak
   (You found it on level 1 of the Dungeon)
Jewellery
 l - a +6 ring of strength (left hand)
   (You took it off a hobgoblin on level 2 of the Dungeon)
Scrolls
 b - a scroll of enchant weapon {unknown}
 f - 2 scrolls of identify {unknown}
 g - a scroll of enchant armour {unknown}
 k - a scroll of remove curse {unknown}
Potions
 d - a potion of resistance {unknown}
 e - 2 potions of haste {unknown}
 i - a potion of stabbing {unknown}
 j - a potion of heal wounds {unknown}


   Skills:
 + Level 1.3 Fighting
 - Level 2.1 Dodging
 - Level 3.0 Stealth
 * Level 3.1 Spellcasting
 * Level 5.2 Necromancy


You had 4 spell levels left.
You knew the following spells:

 Your Spells              Type           Power        Failure   Level  Hunger
a - Pain                  Necr           ###.         1%          1    N/A
b - Animate Dead          Necr           N/A          19%         4    N/A

Your spell library contained the following spells:

 Spells                   Type           Power        Failure   Level  Hunger
 Animate Skeleton         Necr           N/A          1%          1    N/A
 Vampiric Draining        Necr           ###.......   5%          3    N/A
 Agony                    Necr           ###.....     45%         5    N/A

Dungeon Overview and Level Annotations

Branches:
Dungeon (2/15)

Altars:

Annotations:
D:2 Natasha


Innate Abilities, Weirdness & Mutations

You do not eat.
Your natural rate of healing is unusually fast.
You have razor-sharp teeth.
You have supernaturally acute eyesight. (SInv)
You can survive without breathing.


Message History

The rat writhes in agony!
You kill the rat!
The wyvern skeleton is too close now for your liking.
You can't see any susceptible monsters within range! (Use Z to cast anyway.)
You can't see any susceptible monsters within range! (Use Z to cast anyway.)
You see here a ball python skeleton.
An adder comes into view.
Aim: an adder (wandering, hasn't noticed you, chance to defeat MR: 86%)
The adder hisses angrily.
The adder writhes in agony!
Aim: an adder (severely wounded, chance to defeat MR: 86%)
The adder writhes in agony!
You kill the adder!
Natasha, Servant of Life and Death comes into view.
You see here an adder corpse.
You now have 47 gold pieces (gained 13).
A bat comes into view.
No target in view!
The bat is too close now for your liking.
You can't see any susceptible monsters within range! (Use Z to cast anyway.)
You can't see any susceptible monsters within range! (Use Z to cast anyway.)
Aim: a bat (chance to defeat MR: 91%)
The bat writhes in agony.
You kill the bat!
You can't see any susceptible monsters within range! (Use Z to cast anyway.)
Found a ration.
Found a scroll labeled DUIGE WON EVU.
You can't see any susceptible monsters within range! (Use Z to cast anyway.)
The bat is too close now for your liking.
You can't see any susceptible monsters within range! (Use Z to cast anyway.)
You can't see any susceptible monsters within range! (Use Z to cast anyway.)
Aim: a bat (chance to defeat MR: 91%)
The bat writhes in agony.
The bat hits you but does no damage. x2
Aim: a bat (severely wounded, chance to defeat MR: 91%)
The bat writhes in agony.
You kill the bat!
The wyvern skeleton is too close now for your liking.
Found a black potion.
You can't see any susceptible monsters within range! (Use Z to cast anyway.)
Okay, then.
This spell is extremely dangerous to cast!
Memorise Animate Dead, consuming 4 spell levels and leaving 4?
You start memorising the spell.
You continue memorising. x4
You finish memorising.
Spell assigned to 'b'.
The wyvern skeleton bites you but does no damage.
The worm bites you! The wyvern skeleton bites you!
* * * LOW HITPOINT WARNING * * *
Aim: a worm (chance to defeat MR: 86%)
The worm writhes in agony!
The wyvern skeleton bites you!
You die...

#.# ##..#..............
..#####>.................
#...##..#................
..#..............#.......
..###.......###..#.....#.
..###....#### #..#.....#
....÷....# #..###..##
......##.######.Z# #...
..#.####......#.@# %...
....# ######†#w.#### ...
..### #.........#.. ..#
#............ ..#
#.........#.. .##
#.........# . .#
#.........# .#
#.........# .#
#.......###


You could see a worm and a wyvern skeleton.

Vanquished Creatures
  Natasha (D:2)
  An adder (D:2)
  2 worms (D:2)
  A dart slug (D:2)
  5 leopard geckos
  3 ball pythons (D:2)
  4 bats
  4 goblins
  4 hobgoblins
  3 jackals (D:1)
  6 kobolds
  A quokka (D:2)
  6 rats
41 creatures vanquished.

Notes
Turn   | Place    | Note
-------+----------+-------------------------------------------
     0 | D:1      | vurker the Vampire Necromancer began the quest for the Orb.
     0 | D:1      | Reached XP level 1. HP: 13/13 MP: 3/3
   290 | D:1      | Reached XP level 2. HP: 20/20 MP: 3/5
  1062 | D:2      | Reached XP level 3. HP: 22/25 MP: 0/6
  1156 | D:2      | Reached skill level 1 in Fighting
  1340 | D:2      | Noticed Natasha
  1346 | D:2      | Killed Natasha
  1346 | D:2      | Reached skill level 5 in Necromancy
  1416 | D:2      | Reached XP level 4. HP: 29/32 MP: 2/8
  1552 | D:2      | Noticed Natasha
  1623 | D:2      | Learned a level 4 spell: Animate Dead
  1633 | D:2      | Mangled by a wyvern skeleton

Illustrated notes

Levels and vault maps discovered:
D:1:      matt_arrival_los_fun, layout_basic
D:2:      layout_rooms, uniq_natasha

Skill      XL: |  1  2  3 |
---------------+----------+-----
Fighting       | 1 |  1.3
Necromancy     | 5 |  5.2
Spellcasting   | 3 |  3.1
Dodging        | |  2.1
Stealth        | |  3.0

Action                   |  1- 3 |  4- 6 || total
-------------------------+-------+-------++-------
Melee: Dagger            |    33 |       ||    33
       Bite              |     2 |       ||     2
 Cast: Pain              |    62 |    13 ||    75
Armor: Robe              |     9 |     3 ||    12
Dodge: Dodged            |    28 |     1 ||    29

Table legend:
 A = Non-vault XP
 B = Vault XP
 C = Vault XP percentage of total XP
 D = Non-vault monster count
 E = Vault monster count
 F = Vault count percentage of total count
                 A         B        C        D         E       F
            +---------+---------+-------+---------+---------+-------
      Total |      91 |      33 |  26.6 |      40 |       1 |   2.4
            +---------+---------+-------+---------+---------+-------
        D:1 |      35 |       0 |   0.0 |      20 |       0 |   0.0
        D:2 |      56 |      33 |  37.1 |      20 |       1 |   4.8
            +---------+---------+-------+---------+---------+-------
